 Dungeon Crawl Stone Soup version 0.24-a0-736-g4e6fe308c7 (webtiles) character file.

Game seed: 10970772435046558982, levelgen mode: deterministic

1903 Ijustatesigmund the Basher (level 9, 0/60 HPs)
             Began as a Gargoyle Fighter on Oct 2, 2019.
             Was an Initiate of Cheibriados.
             Slain by a two-headed ogre
             ... wielding a cursed +0 giant spiked club
              (10 damage)
             ... on level 9 of the Dungeon.
             The game lasted 00:09:37 (5218 turns).

Ijustatesigmund the Basher (Gargoyle Fighter)       Turns: 5218, Time: 00:09:37

Health: 0/60       AC: 16    Str: 27    XL:     9   Next: 15%
Magic:  10/10      EV:  8    Int: 13    God:    Cheibriados [......]
Gold:   202        SH: 10    Dex:  7    Spells: 8/8 levels left

rFire    . . .     SeeInvis .   a - +2 flail (crush)
rCold    + . .     Gourm    .   c - +1 shield
rNeg     + . .     Faith    .   w - +1 ring mail of Bic Miamp {+Fly MR+ Int+3 Dex-5} (curse)
rPois    ∞         Spirit   .   (no helmet)
rElec    +         Reflect  .   t - +0 cloak
rCorr    .         Harm     .   n - +1 pair of gloves
MR       +....                  (no boots)
Stlth    ..........             v - amulet of the acrobat
HPRegen  0.20/turn              h - +5 ring of strength
MPRegen  0.12/turn              s - ring of protection from cold

@: very slow
A: negative energy resistance 1, electricity resistance, unbreathing,
petrification resistance, rot immunity, AC +6
a: Bend Time, Renounce Religion, Evoke Flight


You were on level 9 of the Dungeon.
You worshipped Cheibriados.
Cheibriados was noncommittal.
You were not hungry.

You visited 2 branches of the dungeon, and saw 9 of its levels.

You collected 426 gold pieces.
You spent 224 gold pieces at shops.

Inventory:

Hand Weapons
 a - a +2 flail of crushing (weapon)
Armour
 b - a +0 chain mail
 c - a +1 shield (worn)
 n - a +1 pair of gloves (worn)
 t - a +0 cloak (worn)
 w - the cursed +1 ring mail of Bic Miamp (worn) {+Fly MR+ Int+3 Dex-5}
   (You found it on level 9 of the Dungeon)

   It affects your intelligence (+3).
   It affects your dexterity (-5).
   It affects your resistance to hostile enchantments.
   It lets you fly.
   It has a curse placed upon it.
Jewellery
 h - a +5 ring of strength (left hand)
 s - a ring of protection from cold (right hand)
 v - an amulet of the acrobat (around neck)
Wands
 d - a wand of digging (8)
Scrolls
 e - 2 scrolls of immolation
 g - a scroll of fog
 o - a scroll of amnesia
 q - a scroll of magic mapping
Potions
 i - a potion of curing
 j - a potion of degeneration {unknown}
 k - 2 potions of ambrosia
 l - a potion of brilliance
 m - a potion of cancellation
 p - 2 potions of flight
 u - a potion of heal wounds {unknown}
Comestibles
 f - 13 rations


   Skills:
 + Level 8.3 Fighting
 * Level 9.2 Maces & Flails
 - Level 3.2 Armour
 + Level 1.1 Dodging
 - Level 3.2 Shields
 + Level 1.5 Invocations


You had 8 spell levels left.
You didn't know any spells.
Your spell library was empty.

Dungeon Overview and Level Annotations

Branches:
Dungeon (7/15)             Temple (1/1) D:6

Altars:
Ashenzari
Cheibriados
Dithmenos
Elyvilon
Fedhas
Gozag
Hepliaklqana
Kikubaaqudgha
Makhleb
Nemelex Xobeh
Okawaru
Qazlal
Ru
Sif Muna
Trog
Uskayaw
Vehumet
Wu Jian
Xom
Yredelemnul
Zin
The Shining One

Shops:
D:7 *


Innate Abilities, Weirdness & Mutations

You are resistant to torment.
Your stone body is resilient. (AC +6)
You are immune to poison.
You resist negative energy. (rN+)
You are resistant to electric shocks. (rElec)
You can survive without breathing.
You are immune to petrification.
You are immune to rotting.


Message History

You hit the two-headed ogre.
The two-headed ogre is heavily wounded.
The two-headed ogre barely misses you.
The two-headed ogre hits you with a +0 giant club!
You sock the two-headed ogre!
The two-headed ogre is heavily wounded.
You hit the two-headed ogre.
The two-headed ogre is severely wounded.
The two-headed ogre barely misses you.
The two-headed ogre completely misses you.
You sock the two-headed ogre!
The two-headed ogre is almost dead.
The two-headed ogre hits you with a cursed +0 giant spiked club!!
The two-headed ogre hits you but does no damage.
Your shield prevents you from hitting the two-headed ogre.
The two-headed ogre is almost dead.
The two-headed ogre hits you with a cursed +0 giant spiked club!
* * * LOW HITPOINT WARNING * * *
The two-headed ogre hits you with a +0 giant club!
You die...

#.# #(# . #.# ..
#.# ... #.# ....
#†# ..... ###)#
.....Z###...#
.....KO@....#
####.#####..#
#.(#######
#........#
#.#.####.#
#.#.####.#
..#......#
.#.#......#
G#.#......######


You could see a two-headed ogre, a big kobold and an adder skeleton.

Vanquished Creatures
  Grinder (D:3)
  Menkaure (D:5)
  A phantom (D:6)
  An ice beast (D:5)
  An orc warrior (D:6)
  3 centaurs
  3 bullfrogs
  2 scorpions
  A centaur zombie (D:6)
  4 jellies
  4 orc priests
  2 bullfrog skeletons (D:5)
  2 orc wizards
  7 worker ants
  2 hound skeletons
  A howler monkey zombie (D:6)
  6 gnolls
  A worker ant zombie (D:9)
  5 adders
  A shadow imp (D:5)
  An ooze (D:2)
  2 adder skeletons
  2 worms
  3 dart slugs
  4 leopard geckos
  9 orcs
  5 bats
  A giant cockroach (D:9)
  7 goblins
  A hobgoblin (D:1)
  A quokka (D:4)
  2 frilled lizards
  5 kobolds
  A quokka skeleton (D:5)
  4 rats
97 creatures vanquished.

Notes
Turn   | Place    | Note
-------+----------+-------------------------------------------
     0 | D:1      | Ijustatesigmund the Gargoyle Fighter began the quest for
                  | the Orb.
     0 | D:1      | Reached XP level 1. HP: 14/14 MP: 1/1
    75 | D:1      | Reached XP level 2. HP: 17/19 MP: 2/2
   429 | D:2      | Reached XP level 3. HP: 20/24 MP: 3/3
   601 | D:2      | Reached skill level 3 in Maces & Flails
   636 | D:2      | Found a sparkling altar of Nemelex Xobeh.
   887 | D:3      | Found a bloodstained altar of Trog.
  1120 | D:3      | Noticed Grinder
  1126 | D:3      | Paralysed by Grinder for 2 turns
  1137 | D:3      | Killed Grinder
  1137 | D:3      | Reached skill level 5 in Fighting
  1137 | D:3      | Reached skill level 4 in Maces & Flails
  1137 | D:3      | Reached XP level 4. HP: 13/32 MP: 4/4
  1137 | D:3      | Reached XP level 5. HP: 15/36 MP: 5/5
  1137 | D:3      | Reached XP level 6. HP: 17/41 MP: 6/6
  1783 | D:4      | Reached skill level 5 in Maces & Flails
  2223 | D:4      | Reached XP level 7. HP: 31/46 MP: 7/7
  2850 | D:4      | Reached skill level 6 in Maces & Flails
  3270 | D:5      | Entered Level 5 of the Dungeon
  3393 | D:5      | Noticed Menkaure
  3403 | D:5      | Killed Menkaure
  3403 | D:5      | Reached skill level 7 in Maces & Flails
  3403 | D:5      | Reached XP level 8. HP: 36/53 MP: 8/8
  4042 | D:6      | Found an iron altar of Okawaru.
  4267 | D:6      | Reached skill level 8 in Maces & Flails
  4512 | D:6      | Found a staircase to the Ecumenical Temple.
  4521 | Temple   | Entered the Ecumenical Temple
  4586 | Temple   | Became a worshipper of Cheibriados the Contemplative
  4958 | D:7      | Found Rutun's Assorted Antiques.
  4965 | D:7      | Bought a bubbling blue potion for 20 gold pieces
  4965 | D:7      | Bought a scroll labeled FATSI HAIKEHI for 23 gold pieces
  4965 | D:7      | Bought a yellow potion for 20 gold pieces
  4966 | D:7      | Bought a scroll of identify for 46 gold pieces
  4966 | D:7      | Bought a dented filigree amulet for 115 gold pieces
  4991 | D:7      | Reached XP level 9. HP: 59/59 MP: 9/9
  5007 | D:7      | You fall into a shaft and drop 2 floors!
  5007 | D:9      | Found a sacrificial altar of Ru.
  5047 | D:9      | Got an ancient ring mail
  5180 | D:9      | Reached skill level 9 in Maces & Flails
  5180 | D:9      | Reached skill level 1 in Invocations
  5190 | D:9      | Reached skill level 1 in Dodging
  5205 | D:9      | Identified the cursed +1 ring mail of Bic Miamp {+Fly MR+
                  | Int+3 Dex-5} (You found it on level 9 of the Dungeon)
  5210 | D:9      | Noticed a two-headed ogre
  5218 | D:9      | Slain by a two-headed ogre

Levels and vault maps discovered:
D:1:      beargit_arrival_greenhouse, layout_rooms, eino_curves_02,
          minmay_box_of_dots
D:2:      layout_rooms, nemelex_diamond_rough_becter
D:3:      layout_loops_ring, bloody_trog, uniq_grinder
D:4:      layout_loops_ring, serial_co_window_serial, co_window_paths_a,
          co_window_of_opportunity_a, co_window_paths_a, co_window_paths_a,
          co_window_corner_a, co_window_broadway_c, co_window_corner_b,
          co_window_broadway_a, co_window_of_opportunity_b, glass_columns_b,
          minmay_small_thing
D:5:      layout_loops_ring, first_ration, uniq_menkaure
D:6:      layout_basic, minmay_temple_entry_fiery,
          eino_small_chamber_without_monster, lemuel_tele_altar
D:7:      layout_cave_pools, basic_altar, serial_gnoll_camp,
          gnoll_camp_medium_02, gnoll_camp_huts_basic,
          gnoll_camp_mini_loothouse, gnoll_camp_medium_01,
          ebering_ghost_disaster_area, serial_shops, nicolae_shop_statue_plus
D:9:      minmay_the_grid_3x2 [minmay_the_grid_tri_star,
          minmay_the_grid_medium_cups, minmay_the_grid_pillar_ring,
          minmay_the_grid_slots, minmay_the_grid_holed_spiral,
          minmay_the_grid_prize_trominoes], layout_loops_cross, serial_shops,
          shop, basic_altar, nicolae_ru_great_annihilating_truth
Temple:   dpeg_three_leaves_temple

Skill      XL: |  1  2  3  4  5  6  7  8  9 |
---------------+----------------------------+-----
Fighting       | 5 6 7 8 |  8.3
Maces & Flails | 4 5 7 8 9 |  9.2
Invocations    | 1 |  1.5
Dodging        | 1 |  1.1
Armour         | |  3.2
Shields        | |  3.2

Action                   |  1- 3 |  4- 6 |  7- 9 || total
-------------------------+-------+-------+-------++-------
Melee: Flail             |    68 |    71 |   192 ||   331
  Use: Scroll            |    12 |       |     8 ||    20
       Potion            |     2 |       |     1 ||     3
 Stab: Paralysed         |       |       |     1 ||     1
  Eat: Chunk             |       |     1 |     6 ||     7
       Ration            |       |     1 |     1 ||     2
Armor: Scale mail        |    32 |    32 |     9 ||    73
       Chain mail        |       |       |    78 ||    78
       Ring mail         |       |       |     1 ||     1
Dodge: Dodged            |    15 |    10 |    53 ||    78
Block: Shield            |    38 |    37 |    87 ||   162

Table legend:
 A = Non-vault XP
 B = Vault XP
 C = Vault XP percentage of total XP
 D = Non-vault monster count
 E = Vault monster count
 F = Vault count percentage of total count
                 A         B        C        D         E       F
            +---------+---------+-------+---------+---------+-------
      Total |    2037 |     682 |  25.1 |      84 |      13 |  13.4
            +---------+---------+-------+---------+---------+-------
        D:1 |      21 |       2 |   8.7 |      10 |       2 |  16.7
        D:2 |      45 |       0 |   0.0 |      14 |       0 |   0.0
        D:3 |       5 |     295 |  98.3 |       3 |       1 |  25.0
        D:4 |     481 |       2 |   0.4 |      27 |       1 |   3.6
        D:5 |     381 |     172 |  31.1 |       8 |       1 |  11.1
        D:6 |     858 |       0 |   0.0 |      16 |       0 |   0.0
        D:7 |      66 |      28 |  29.8 |       2 |       2 |  50.0
        D:9 |     180 |     183 |  50.4 |       4 |       6 |  60.0
            +---------+---------+-------+---------+---------+-------
